 Dungeon Crawl Stone Soup version 0.30.0-5-g1a98f26d00 (webtiles) character file.

Game seed: 698973624234061388

4500 Leibowitz the Cleaver (level 10, -2/88 HPs)
             Began as a Minotaur Gladiator on May 11, 2023.
             Was a Believer of Okawaru.
             Slain by a hornet (13 damage)
             ... on level 8 of the Dungeon.
             The game lasted 00:15:10 (6196 turns).

Leibowitz the Cleaver (Minotaur Gladiator)          Turns: 6196, Time: 00:15:12

Health: -2/88      AC:  9    Str: 27    XL:     10   Next: 16%
Magic:  9/9        EV: 14    Int:  5    God:    Okawaru [**....]
Gold:   560        SH:  0    Dex: 12    Spells: 9/9 levels left

rFire   + . .        G - +4 battleaxe
rCold   . . .        (shield currently unavailable)
rNeg    . . .        p - +3 leather armour "Sone" {rF+ Will+ Regen+}
rPois   .            c - +0 hat
rElec   .            q - +1 cloak {rCorr}
rCorr   +            (no gloves)
SInv    .            (no boots)
Will    +....        v - amulet of faith
Stlth   +            C - ring of flight
HPRegen 1.14/turn    F - ring of Ycwianke {Wiz Str+4}
MPRegen 0.11/turn

%: faith, wizardry (x1)
@: lethally poisoned (-2 -> -4), flying, slowed, very slow
A: horns 2, retaliatory headbutt
a: Renounce Religion, Heroism


You were on level 8 of the Dungeon.
You worshipped Okawaru.
Okawaru was pleased with you.
You visited 2 branches of the dungeon, and saw 9 of its levels.

You collected 560 gold pieces.

Inventory:

Hand Weapons
 y - a +0 broad axe
 G - a +4 battleaxe (weapon)
Missiles
 d - 2 throwing nets (quivered)
 e - 4 javelins
 I - 6 curare-tipped darts
Armour
 c - a +0 hat (worn)
 l - a +0 plate armour
 p - the +3 leather armour "Sone" (worn) {rF+ Will+ Regen+}
   (You found it on level 2 of the Dungeon)

   rF:        It protects you from fire.
   Regen:     It increases your rate of health regeneration.
   Will:      It increases your willpower.
 q - a +1 cloak of preservation (worn)
Jewellery
 v - an amulet of faith (around neck)
 C - a ring of flight (left hand)
 F - the ring of Ycwianke (right hand) {Wiz Str+4}
   (You found it on level 7 of the Dungeon)

   [ring of wizardry]

   It improves your spell success rate.
   Str:       It affects your strength (+4).
Wands
 A - a wand of light (22)
Scrolls
 h - 5 scrolls of teleportation {unknown}
 i - 5 scrolls of fog {unknown}
 k - 8 scrolls of identify {unknown}
 o - 5 scrolls of vulnerability {unknown}
 r - 2 scrolls of immolation {unknown}
 s - 5 scrolls of amnesia {unknown}
 x - 2 scrolls of enchant weapon {unknown}
 B - 2 scrolls of enchant armour {unknown}
 D - a scroll of fear {unknown}
Potions
 a - a potion of might {unknown}
 b - 4 potions of attraction {unknown}
 f - a potion of haste {unknown}
 g - a potion of invisibility {unknown}
 j - 2 potions of heal wounds {unknown}
 m - 2 potions of berserk rage {unknown}
 n - 5 potions of curing
 t - a potion of lignification {unknown}
 u - 5 potions of flight {unknown}
 w - 2 potions of degeneration {unknown}
 z - 2 potions of mutation {unknown}
 E - a potion of brilliance {unknown}
 H - a potion of cancellation {unknown}


   Skills:
 * Level 8.0 Fighting
 * Level 13.2 Axes
 + Level 2.0 Throwing
 * Level 5.9 Armour
 * Level 7.6 Dodging


You had 9 spell levels left.
You didn't know any spells.
Your spell library contained the following spells:

 Spells                   Type           Power      Damage    Failure   Level
 Necrotise                Necr           0%         1d4       24%         1
 Poisonous Vapours        Pois/Air       0%         N/A       32%         2
 Frozen Ramparts          Ice            0%         1d1       54%         3
 Ignite Poison            Fire/Tmut/Pois 0%         N/A       54%         3
 Mephitic Cloud           Conj/Pois/Air  0%         N/A       54%         3
 Vampiric Draining        Necr           0%         2d6       54%         3
 Ice Form                 Ice/Tmut       0%         N/A       90%         4
 Passage of Golubria      Tloc           0%         N/A       90%         4
 Sticky Flame             Conj/Fire      0%         2d3       90%         4
 Agony                    Necr           0%         N/A       99%         5
 Freezing Cloud           Conj/Ice/Air   0%         6-21      99%         5
 Silence                  Hex/Air        0%         N/A       99%         5
 Ignition                 Fire           0%         3d3       100%        8
 Lehudib's Crystal Spear  Conj/Erth      0%         10d2      100%        8
 Summon Ice Beast         Ice/Summ       Unusable   N/A       N/A         4

Dungeon Overview and Level Annotations

Branches:
Dungeon (8/15)             Temple (1/1) D:5            Lair (0/5) D:8

Altars:
Ashenzari
Dithmenos
Elyvilon
Hepliaklqana
Nemelex Xobeh
Okawaru
Sif Muna
Uskayaw
Vehumet
Zin

Shops:
D:1 (   D:5 *


Innate Abilities, Weirdness & Mutations

You have a pair of horns on your head.
You reflexively headbutt those who attack you in melee.


Message History

You closely miss the wight. The wight barely misses you.
You slice the wight!!
You destroy the wight!
Okawaru accepts your kill.
An orc wizard comes into view. It is wielding a +0 dagger.
Your Fighting skill increases to level 8!
The orc wizard shouts!
You start resting.
An orc wizard is nearby!
The orc wizard misses you.
You slash the orc wizard! You headbutt the orc wizard.
You kill the orc wizard!
Okawaru accepts your kill.
Things that are here:
a +0 dagger; a +0 robe; an orc corpse You start resting.
A hornet comes into view.
There is a broken door, spattered with blood here.
Things that are here:
a +0 quarterstaff; a +0 robe; 7 gold pieces You miss the hornet.
Your headbutt misses the hornet. The hornet misses you.
You furiously retaliate!
You headbutt the hornet! The hornet stings you!
You feel yourself slow down.
You miss the hornet. Your headbutt misses the hornet.
The hornet is heavily wounded.
The hornet stings you!
You suddenly lose the ability to move!
The hornet stings you!
You feel as though you will be slow longer.
The hornet stings you!
* * * LOW HITPOINT WARNING * * *
You feel as though you will be slow longer.
You can move again.
You slash the hornet!
The hornet is severely wounded.
The hornet stings you!
* * * LOW HITPOINT WARNING * * *
You are poisoned.
You feel as though you will be slow longer.
The hornet stings you!
You die...

#.........#
#...####
#.........#
#...# #
#..⌠...⌠..#
#...# #
#.........#
##..####
#.........#
###>..##
#..⌠.⌠..#
#.......
#.....#
####.##. #†y.#
#[###
#....#@#....#
#).)#
######.######
#..†. #.)...#
#..##
.......#..###
.##...
......##....###
......
.....####.#...#
#....
##.###......###
#.... #
#......# ##...
.#......# #..[


You could see a hornet.

Vanquished Creatures
  Pikel (D:7)
  Maggie (D:7)
  Grinder (D:5)
  A steam dragon (D:8)
  Duvessa (D:5)
  2 orc warriors
  4 ice beasts
  A sky beast (D:6)
  5 ogres
  4 centaurs
  A lemure (D:7)
  2 phantoms (D:7)
  3 bullfrogs
  9 wights
  Dowan (D:5)
  A killer bee (D:8)
  4 howler monkeys
  5 jellies
  An orc priest (D:7)
  A hound (D:6)
  Crazy Yiuf (D:2)
  2 gnoll boudas
  2 sleepcaps
  4 iguanas (D:6)
  6 orc wizards
  8 gnolls
  12 adders
  2 ufetubi
  3 worms
  22 orcs
  8 endoplasms
  4 giant cockroaches
  3 goblins
  5 hobgoblins
  5 jackals
  3 quokkas
  8 ball pythons
  4 bats
  2 frilled lizards
  6 kobolds
  6 rats
165 creatures vanquished.

Vanquished Creatures (others)
  An orc (D:8)
1 creature vanquished.

Grand Total: 166 creatures vanquished

Notes
Turn   | Place    | Note
-------+----------+-------------------------------------------
     0 | D:1      | Leibowitz the Minotaur Gladiator began the quest for the
                  | Orb.
     0 | D:1      | Reached XP level 1. HP: 18/18 MP: 0/0
    73 | D:1      | Reached XP level 2. HP: 25/25 MP: 1/1
   118 | D:1      | Reached skill level 4 in Axes
   137 | D:1      | Found Ucwoepuj's Weapon Shop.
   688 | D:2      | Reached XP level 3. HP: 25/30 MP: 2/2
   798 | D:2      | Reached skill level 1 in Armour
   847 | D:2      | Identified the +3 leather armour "Sone" {rF+ Will+ Regen+}
   906 | D:2      | Found a runed translucent door.
   907 | D:2      | Noticed Crazy Yiuf
   914 | D:2      | Killed Crazy Yiuf
   998 | D:2      | Reached XP level 4. HP: 38/38 MP: 3/3
  1127 | D:2      | Found a faded altar of an unknown god.
  1400 | D:3      | Found a broken altar of Ashenzari.
  1478 | D:3      | Reached skill level 5 in Axes
  1554 | D:3      | Found a hazy altar of Hepliaklqana.
  1824 | D:3      | Reached XP level 5. HP: 45/45 MP: 4/4
  1892 | D:3      | Found a hide-covered altar of Uskayaw.
  2178 | D:4      | Found a glowing silver altar of Zin.
  2228 | D:4      | Noticed an ogre
  2235 | D:4      | HP: 2/45 [ogre/+0 giant club (22)]
  2293 | D:4      | Killed an ogre
  2294 | D:4      | Reached skill level 6 in Axes
  2294 | D:4      | Reached XP level 6. HP: 49/52 MP: 5/5
  2305 | D:4      | Found a shadowy altar of Dithmenos.
  2305 | D:4      | Found a sparkling altar of Nemelex Xobeh.
  2458 | D:4      | Found a white marble altar of Elyvilon.
  2777 | D:4      | You fall into a shaft and drop 3 floors!
  2807 | D:7      | Reached skill level 7 in Axes
  2894 | D:7      | Noticed Pikel
  2912 | D:7      | Killed Pikel
  2913 | D:7      | Reached skill level 5 in Fighting
  2913 | D:7      | Reached skill level 8 in Axes
  2913 | D:7      | Reached skill level 5 in Dodging
  2913 | D:7      | Reached XP level 7. HP: 50/61 MP: 6/6
  2980 | D:7      | Reached XP level 8. HP: 68/68 MP: 7/7
  3172 | D:7      | Reached skill level 9 in Axes
  3229 | D:7      | Identified the +1 robe of Bright Miracles {Int-3 Dex+4
                  | SInv}
  3291 | D:7      | Noticed Maggie
  3307 | D:7      | Killed Maggie
  3427 | D:5      | Entered Level 5 of the Dungeon
  3445 | D:5      | Reached skill level 10 in Axes
  3707 | D:5      | Found Woseanat's Lightly-Used Armoury.
  3728 | D:5      | Found a staircase to the Ecumenical Temple.
  3729 | D:5      | Noticed Grinder
  3743 | D:5      | Killed Grinder
  3747 | D:5      | Reached XP level 9. HP: 78/78 MP: 8/8
  3801 | D:5      | Noticed Duvessa
  3801 | D:5      | Noticed Dowan
  3810 | D:5      | Killed Duvessa
  3815 | D:5      | Killed Dowan
  3816 | D:5      | Reached skill level 11 in Axes
  3866 | D:5      | Reached skill level 5 in Armour
  4315 | Temple   | Entered the Ecumenical Temple
  4330 | Temple   | Became a worshipper of Warmaster Okawaru
  4449 | D:6      | Reached skill level 12 in Axes
  4667 | D:6      | Reached * piety under Okawaru
  5724 | D:7      | Identified the ring of Ycwianke {Wiz Str+4}
  5946 | D:8      | Found a staircase to the Lair.
  5973 | D:8      | Reached XP level 10. HP: 63/88 MP: 9/9
  6089 | D:8      | Reached ** piety under Okawaru
  6164 | D:8      | Reached skill level 13 in Axes
  6195 | D:8      | Paralysed by a hornet for 1 turns
  6196 | D:8      | Slain by a hornet

Illustrated notes

Levels and vault maps discovered:
D:1:      lemuel_arrival_behind_the_door_large, layout_rooms, serial_shops,
          shop, minmay_splitting_lines, minmay_stone_trees_small
D:2:      layout_loops_ring, hellmonk_ecumenical_altar_pennies_from_heaven,
          uniq_crazy_yiuf_cottage
D:3:      layout_loops_ring, amcnicky_altar_gilded, mainiacjoe_overflow_catwalk,
          general_overflow_altar, kennysheep_minor_cross, nrook_mini_vaults,
          minmay_cupped
D:4:      layout_loops_ring, nicolae_overflow_crystal_walls,
          gammafunk_temple_overflow_statue, elyvilon_altar_3
D:5:      layout_loops_ring, minmay_temple_entry_glass,
          minmay_misc_feat_four_crosses, minmay_shop_damaged,
          kennysheep_small_square, uniq_grinder, uniq_duvessa
D:6:      layout_layer_cave
D:7:      layout_basic, uniq_maggie, uniq_pikel
D:8:      kennysheep_ambush_hall, layout_rooms,
          pdpol_wu_jian_five_deadly_venoms, tgw_kikubaaqudgha,
          minmay_misc_feat_cross, skrybe_limestone_x
Temple:   nicolae_temple_great_sept

Skill      XL: |  1  2  3  4  5  6  7  8  9 10 |
---------------+-------------------------------+-----
Axes           | 4 5 6 8 10 12 13 | 13.2
Armour         | 1 2 3 4 5 |  5.9
Fighting       | 3 5 6 7 8 |  8.0
Dodging        | 4 5 6 7 |  7.6
Throwing       | |  2.0

Action                     |  1- 3 |  4- 6 |  7- 9 | 10-12 || total
---------------------------+-------+-------+-------+-------++-------
  Melee: War axe           |    61 |   142 |    38 |       ||   241
         Headbutt          |    11 |    23 |    35 |     6 ||    75
         Punch             |       |     1 |     1 |       ||     2
         Broad axe         |       |       |   142 |     1 ||   143
         Battleaxe         |       |       |       |    20 ||    20
  Throw: Throwing net      |       |     1 |       |       ||     1
 Armour: Leather armour    |    14 |    43 |    44 |    12 ||   113
         Plate armour      |     7 |       |       |       ||     7
  Dodge: Dodged            |    40 |    87 |   136 |    29 ||   292
